 Dungeon Crawl Stone Soup version 0.30.0-19-g36f170ea60 (webtiles) character file.

Game seed: 14101254464734051315

142 Graphine the Ducker (level 5, 0/64 HPs)
             Began as a Merfolk Monk on May 29, 2023.
             Slain by a gnoll
             ... wielding a +0 spear
              (2 damage)
             ... on level 3 of the Dungeon.
             The game lasted 00:05:33 (1614 turns).

Graphine the Ducker (Merfolk Monk)                  Turns: 1614, Time: 00:05:34

Health: 0/64       AC: 22    Str: 12    XL:     5   Next: 25%
Magic:  5/5        EV:  2    Int:  9    God:
Gold:   127        SH:  0    Dex: 18    Spells: 4/4 levels left

rFire   . . .        a - +1 falchion
rCold   + . .        d - orb {light}
rNeg    . . .        b - melded +0 robe
rPois   +            (helmet currently unavailable)
rElec   .            (cloak currently unavailable)
rCorr   .            (gloves currently unavailable)
SInv    .            (boots currently unavailable)
Will    .....        k - amulet of magic regeneration
Stlth   +            i - ring of protection from cold
HPRegen 0.30/turn    (no ring)
MPRegen 0.49/turn

%: no passive effects
@: tree-form, glowing
A: stationary, stasis, torment immunity, boosted hp, (nimble swimmer 2),
(mertail)
a: no special abilities


You were on level 3 of the Dungeon.
You were a tree.
You visited 1 branch of the dungeon, and saw 3 of its levels.

You collected 127 gold pieces.

Inventory:

Hand Weapons
 a - a +1 falchion (weapon)
Armour
 b - a +0 robe (melded)
 d - an orb of light (worn)
Jewellery
 i - a ring of protection from cold (left branch)
 k - an amulet of magic regeneration (around neck)
Potions
 e - 2 potions of curing {unknown}
 g - a potion of cancellation {unknown}
 h - a potion of mutation {unknown}
 j - a potion of degeneration {unknown}
 l - a potion of flight {unknown}
 n - a potion of brilliance {unknown}


   Skills:
 + Level 4.5 Fighting
 + Level 5.0 Long Blades
 + Level 5.4 Dodging


You had 4 spell levels left.
You didn't know any spells.
Your spell library was empty.

Dungeon Overview and Level Annotations

Branches:
Dungeon (3/15)

Altars:

Annotations:
D:3 Ijyb


Innate Abilities, Weirdness & Mutations

You are a tree.
Your roots penetrate the ground, keeping you stationary.
You cannot be teleported.
You are immune to unholy pain and torment.
Your maximum health is greatly increased.
Your equipment is partially melded.
((You are very nimble when in or above water. (Stealth+, EV+, Speed+++)))
((Your lower body shifts to a powerful aquatic tail in water.))


Message History

You hit the gnoll but do no damage. Ijyb hits you but does no damage.
The endoplasm freezes you.
You are frozen.
You resist. The gnoll hits you with a +0 whip.
* * * LOW HITPOINT WARNING * * *
The gnoll hits you but does no damage.
You hit the gnoll.
The gnoll is moderately wounded.
The gnoll hits you with a +0 whip.
* * * LOW HITPOINT WARNING * * *
The endoplasm hits you but does no damage.
The gnoll barely misses you. Ijyb hits you but does no damage.
The gnoll hits you but does no damage.
The gnoll hits you from afar with a +0 spear.
* * * LOW HITPOINT WARNING * * *
The endoplasm freezes you.
You are frozen.
You resist. Ijyb hits you but does no damage.
You hit the gnoll.
The gnoll is moderately wounded.
The endoplasm hits you but does no damage.
The gnoll hits you but does no damage. Ijyb hits you but does no damage.
You hit the gnoll but do no damage.
The gnoll is moderately wounded.
Ijyb hits you but does no damage. The endoplasm barely misses you.
The gnoll hits you from afar with a +0 spear.
* * * LOW HITPOINT WARNING * * *
A frilled lizard comes into view.
The gnoll hits you but does no damage.
The frilled lizard hisses angrily.
You hit Ijyb but do no damage.
Ijyb is moderately wounded.
The endoplasm freezes you.
You are frozen.
You resist.
* * * LOW HITPOINT WARNING * * *
The gnoll hits you but does no damage. Ijyb hits you but does no damage.
You hit the rat.
You kill the rat!
The gnoll hits you but does no damage.
The endoplasm hits you but does no damage.
The gnoll hits you from afar with a +0 spear.
You die...

#.# #.### .... #.#
....# #l..
#.####.#.# .....
###......#.# ....:
#..........# ......
#[.........# .....g#
#..........#
......g##..........#
#J♣...........#
##g$..#######.#
#....# #.# #
#....... #.# #
#...###.# #.# #
....# # #.#####
.....# #.....'
......# #######
....### #


You could see Ijyb, 2 gnolls, an endoplasm and a frilled lizard.

Vanquished Creatures
  4 gnolls (D:3)
  3 adders (D:2)
  2 worms (D:2)
  4 dart slugs (D:1)
  3 endoplasms (D:1)
  A giant cockroach (D:2)
  4 goblins (D:1)
  10 hobgoblins
  4 jackals (D:2)
  9 kobolds
  A quokka (D:2)
  7 ball pythons
  4 bats
  7 rats
63 creatures vanquished.

Vanquished Creatures (others)
  A kobold (D:1)
1 creature vanquished.

Grand Total: 64 creatures vanquished

Notes
Turn   | Place    | Note
-------+----------+-------------------------------------------
     0 | D:1      | Graphine the Merfolk Monk began the quest for the Orb.
     0 | D:1      | Reached XP level 1. HP: 18/18 MP: 1/1
    41 | D:1      | Reached XP level 2. HP: 21/24 MP: 2/2
   140 | D:1      | Reached XP level 3. HP: 9/30 MP: 3/3
   621 | D:2      | Reached XP level 4. HP: 29/37 MP: 4/4
   825 | D:2      | Reached skill level 5 in Dodging
  1574 | D:3      | Noticed Ijyb
  1599 | D:3      | Reached XP level 5. HP: 27/43 MP: 5/5
  1609 | D:3      | Reached skill level 5 in Long Blades
  1612 | D:3      | HP: 3/64 [gnoll/+0 spear (2)]
  1613 | D:3      | HP: 1/64 [frozen (2)]
  1614 | D:3      | Slain by a gnoll

Illustrated notes

Levels and vault maps discovered:
D:1:      heliophobic_arrival_henge, layout_rooms, corexii_leaking_fountain
D:2:      layout_loops_ring, minmay_indecisive_spiral
D:3:      layout_basic, gup_sewer_entry_bowl, uniq_ijyb

Skill      XL: |  1  2  3  4  5 |
---------------+----------------+-----
Long Blades    | 4 5 |  5.0
Fighting       | 4 |  4.5
Dodging        | 5 |  5.4

Action                     |  1- 3 |  4- 6 || total
---------------------------+-------+-------++-------
  Melee: Falchion          |    79 |    80 ||   159
    Use: Scroll            |     4 |     3 ||     7
         Potion            |     1 |     1 ||     2
 Armour: Robe              |    15 |    11 ||    26
         Skin              |       |    68 ||    68
  Dodge: Dodged            |    71 |    40 ||   111
